 Dungeon Crawl Stone Soup version 0.28.0-62-gf88900778d (webtiles) character file.

Game seed: 11076353624547651581

16337 Coron the Geomancer (level 12, -1/114 HPs)
             Began as a Deep Dwarf Earth Elementalist on Mar 16, 2023.
             Was an Initiate of Ashenzari.
             Killed from afar by a gargoyle (14 damage)
             ... with a stone arrow
             ... on level 12 of the Dungeon on Mar 18, 2023.
             The game lasted 01:41:16 (20808 turns).

Coron the Geomancer (DDEE)                         Turns: 20808, Time: 01:41:17

Health: -1/114     AC: 12    Str: 16    XL:     12   Next: 9%
Magic:  7/13       EV: 11    Int: 23    God:    Ashenzari [......]
Gold:   619        SH:  0    Dex: 13    Spells: 23/28 levels left

rFire   . . .      SeeInvis .   g - staff of earth (curse) {Self, Comp}
rCold   . . .      Faith    .   (no shield)
rNeg    . . .      Spirit   .   a - +0 scale mail
rPois   .          Reflect  .   p - +2 helmet
rElec   .          Harm     .   (no cloak)
rCorr   .          Rampage  .   (no gloves)
Will    +....                   (no boots)
Stlth   +.........              f - amulet of the acrobat
HPRegen 0.00/turn               n - ring of wizardry
MPRegen 0.13/turn               I - +6 ring of intelligence

@: no status effects
A: damage resistance, heal wounds, sense surroundings 2, no regeneration
a: Heal Wounds, Renounce Religion, Curse Item, Shatter the Chains


You were on level 12 of the Dungeon.
You worshipped Ashenzari.
Ashenzari was noncommittal.
You visited 2 branches of the dungeon, and saw 13 of its levels.
You also visited: Bailey.

You collected 619 gold pieces.

Inventory:

Hand Weapons
 b - a +2 war axe of flaming
Missiles
 d - 62 stones
 s - 26 poisoned darts
 K - a throwing net
Armour
 a - a +0 scale mail (worn)
 j - a +0 chain mail
 p - a +2 helmet (worn)
 E - a +0 tower shield
 J - a +0 plate armour
 L - a +2 robe of the Archmagi
Magical Staves
 g - a cursed staff of earth (weapon) {Self, Comp}
Jewellery
 f - an amulet of the acrobat (around neck)
 n - a ring of wizardry (left hand)
 I - a +6 ring of intelligence (right hand)
Wands
 k - a wand of digging (14)
 o - a wand of flame (19)
 y - a wand of polymorph (14)
 A - a wand of iceblast (29)
 D - a wand of mindburst (1)
 O - a wand of acid (5)
Scrolls
 h - a scroll of blinking
 l - 2 scrolls of magic mapping
 m - a scroll of amnesia {unknown}
 u - 2 scrolls of enchant armour
 v - a scroll of acquirement {unknown}
 w - 2 scrolls of fog
 B - a scroll of silence {unknown}
 G - a scroll of enchant weapon {unknown}
 N - a scroll of vulnerability {unknown}
Potions
 c - 2 potions of mutation
 e - 2 potions of lignification
 i - a potion of invisibility {unknown}
 q - 2 potions of cancellation
 r - a potion of haste
 t - 4 potions of curing
 x - 3 potions of resistance
 z - a potion of might
 C - 2 potions of brilliance
 F - a potion of berserk rage
 H - a potion of flight
Miscellaneous
 M - a box of beasts


   Skills:
 - Level 8.6(9.0) Fighting
 - Level 5.0 Staves
 - Level 10.0 Armour
 - Level 4.0 Dodging
 - Level 2.4 Stealth
 + Level 8.2(8.7) Spellcasting
 + Level 5.0(5.4) Necromancy
 - Level 1.0 Transmutations
 - Level 12.0 Earth Magic


You had 23 spell levels left.
You knew the following spells:

 Your Spells              Type           Power      Damage    Failure   Level
a - Sandblast             Erth           100%       2d20      1%          1
b - Stone Arrow           Conj/Erth      100%       3d13      1%          3
c - Animate Skeleton      Necr           70%        N/A       1%          1

Your spell library contained the following spells:

 Spells                   Type           Power      Damage    Failure   Level
 Passwall                 Tmut/Erth      46%        N/A       1%          2
 Lee's Rapid Deconstruct  Erth           39%        3d20*     1%          5
 Petrify                  Tmut/Erth      56%        N/A       4%          4
 Apportation              Tloc           20%        N/A       8%          1
 Summon Small Mammal      Summ           40%        N/A       8%          1
 Animate Dead             Necr           17%        N/A       8%          4
 Confusing Touch          Hex            10%        N/A       21%         3
 Fulminant Prism          Conj/Hex       5%         3d7       54%         4
 Iskenderun's Mystic Bla  Conj/Tloc      10%        2d4       54%         4
 Yara's Violent Unravell  Hex/Tmut       6%         3d5       82%         5
 Enfeeble                 Hex            5%         N/A       100%        7
 Haunt                    Necr/Summ      11%        N/A       100%        7
 Borgnjor's Revivificati  Necr           17%        N/A       100%        8
 Infestation              Necr           17%        N/A       100%        8
 Necromutation            Tmut/Necr      12%        N/A       100%        8
 Death's Door             Necr           17%        N/A       100%        9


Dungeon Overview and Level Annotations

Branches:
Dungeon (12/15)            Temple (0/1) D:7            Lair (0/6) D:11
    Orc (1/2) D:9          Bailey (visited)

Altars:
Ashenzari
Elyvilon
Fedhas
Gozag
Kikubaaqudgha
Makhleb
Okawaru
Qazlal
Ru
Uskayaw
Yredelemnul

Shops:
D:4 [=   D:7 [   D:10 *

Annotations:
D:10 1 runed translucent door, cbfl8's ghost, journeyman MiBe
D:12 4 runed translucent doors


Innate Abilities, Weirdness & Mutations

You are resistant to damage.
You can heal yourself by infusing magical energy.
You passively map the area around you.
You do not regenerate.


Message History

Press: ? - help, Shift-Dir - straight line, f/p - wraith
Aim: a wraith (severely damaged, 84% to hit)
You feel a surge of power!
The blast of sand hits the wraith!
The wraith is almost destroyed.
The wraith hits you but does no damage.
Casting: Sandblast (safe; 1% risk of failure)
Confirm with . or Enter, or press ? or * to list all spells.
Aiming: Sandblast (safe; 1% risk of failure)
Press: ? - help, Shift-Dir - straight line, f/p - wraith
Aim: a wraith (almost destroyed, 84% to hit)
You feel a surge of power!
The blast of sand hits the wraith!!
You destroy the wraith!
Your Necromancy skill increases to level 5!
You start resting.
Magic restored.
There is an open door here.
There is an open door here.
There is an open door here.
A gargoyle comes into view. It is wielding a +0 flail.
Casting: Sandblast (safe; 1% risk of failure)
Confirm with . or Enter, or press ? or * to list all spells.
Aiming: Stone Arrow (safe; 1% risk of failure)
Press: ? - help, Shift-Dir - straight line, f - gargoyle
Aim: a gargoyle, wielding a +0 flail (89% to hit)
You feel a surge of power!
The stone arrow hits the gargoyle!
The gargoyle is severely damaged.
The gargoyle hurls a stone arrow at you.
The stone arrow hits you!!
* * * LOW HITPOINT WARNING * * *
Casting: Stone Arrow (safe; 1% risk of failure)
Confirm with . or Enter, or press ? or * to list all spells.
Aiming: Stone Arrow (safe; 1% risk of failure)
Press: ? - help, Shift-Dir - straight line, f/p - gargoyle
Aim: a gargoyle, wielding a +0 flail (severely damaged, 89% to hit)
You feel a surge of power!
The stone arrow hits the gargoyle but does no damage.
The gargoyle is severely damaged.
The gargoyle hurls a stone arrow at you.
The stone arrow hits you!
You die...

.........#...#,, * , * ,
.........#...# ,, * , ,*,
.........#...# , * , ,
#####.####...# ,, , * ,
..#...#^.#...##########**
* * *
..+...#..#.....#......# ,
..#..##..#.....#......# ,
.....#.........#......#,
, * ,
.....#.........#@.....#
,*,
.....#####............#,,
.....#...#............# ,
, ,
>....#...#..#######9### *
, ,, .....'......#...#
... * , ,
.....#......#...#, ... *
, ##########..#...# ...*,
, , .... #......#...# ...
...,#...##'#...# , , *,


You could see a gargoyle.

Vanquished Creatures
  A hydra (D:8)
  Erica (D:8)
  3 two-headed ogres
  Pikel (D:8)
  The ghost of Lemuel the Chopper, a novice DsBe of Trog (D:5)
  2 manticores (D:11)
  A gargoyle (D:11)
  An unseen horror (D:5)
  A komodo dragon (D:11)
  Psyche (D:8)
  2 trolls
  Sigmund (D:5)
  6 spriggans (Bailey)
  A wyvern (D:4)
  2 wraiths
  A vampire (D:9)
  20 yaks
  4 steam dragons
  Edmund (D:4)
  A water moccasin (D:9)
  Duvessa (D:4)
  An ice beast (D:4)
  5 orc warriors
  A black bear (D:11)
  3 sky beasts
  3 necrophages
  5 ogres
  7 centaurs
  2 lemures (D:8)
  2 phantoms
  2 kobold brigands
  Blork the orc (D:5)
  4 bullfrogs
  A gnoll sergeant (D:11)
  2 wyvern zombies
  4 scorpions
  Dowan (D:4)
  8 killer bees
  10 wights
  A bullfrog zombie (D:6)
  2 centaur zombies
  A jelly (D:7)
  A hound (D:4)
  2 bullfrog skeletons (D:5)
  9 orc priests
  2 centaur skeletons
  5 iguanas
  11 orc wizards
  A howler monkey zombie (D:9)
  Robin (D:4)
  8 gnolls
  4 adders
  2 white imps
  An adder skeleton (D:4)
  5 worms
  2 dart slugs
  38 orcs
  3 ball pythons
  5 endoplasms
  2 giant cockroaches
  30 goblins
  4 hobgoblins
  3 jackals
  A quokka (D:4)
  5 bats
  A frilled lizard (D:3)
  14 kobolds
  2 rats (D:2)
281 creatures vanquished.

Vanquished Creatures (others)
  A kobold (D:5)
  2 fungi (D:11)
  4 plants (D:11)
7 creatures vanquished.

Grand Total: 288 creatures vanquished

Notes
Turn   | Place    | Note
-------+----------+-------------------------------------------
     0 | D:1      | Coron the Deep Dwarf Earth Elementalist began the quest for
                  | the Orb.
     0 | D:1      | Reached XP level 1. HP: 15/15 MP: 3/3
   218 | D:1      | Reached skill level 1 in Transmutations
   601 | D:1      | Found a faded altar of an unknown god.
   696 | D:1      | Prayed at the altar of an unknown god.
   696 | D:1      | Became a worshipper of Ashenzari the Shackled
   780 | D:2      | Reached skill level 1 in Fighting
   843 | D:2      | Reached XP level 2. HP: 13/25 MP: 0/5
   924 | D:2      | Reached skill level 1 in Armour
  1638 | D:3      | Found an opulent altar of Gozag.
  1647 | D:3      | Reached XP level 3. HP: 27/31 MP: 6/6
  1820 | D:3      | Learned a level 3 spell: Stone Arrow
  2176 | D:3      | Found a burning altar of Makhleb.
  2224 | D:3      | Reached XP level 4. HP: 34/39 MP: 3/8
  2727 | D:4      | Noticed a phantom
  2739 | D:4      | Killed a phantom
  2740 | D:4      | Reached XP level 5. HP: 24/49 MP: 1/10
  2895 | D:4      | Found Zacij's Jewellery Boutique.
  2979 | D:4      | Noticed a wyvern
  2997 | D:4      | Killed a wyvern
  2998 | D:4      | Reached skill level 5 in Earth Magic
  2998 | D:4      | Reached XP level 6. HP: 27/56 MP: 0/12
  3231 | D:4      | Reached skill level 6 in Earth Magic
  3402 | D:4      | Noticed Dowan
  3403 | D:4      | Noticed Robin
  3403 | D:4      | Noticed Duvessa
  3561 | D:4      | Killed Robin
  3722 | D:4      | Killed Duvessa
  3723 | D:4      | Reached XP level 7. HP: 33/62 MP: 3/13
  3730 | D:4      | Killed Dowan
  3901 | D:4      | Found Samext's Antique Armour Boutique.
  4109 | D:4      | Found a white marble altar of Elyvilon.
  4418 | D:4      | Found an iron altar of Okawaru.
  4625 | D:4      | Found a basalt altar of Yredelemnul.
  4636 | D:4      | Noticed Edmund
  4770 | D:4      | Killed Edmund
  4986 | D:5      | Entered Level 5 of the Dungeon
  5122 | D:5      | Found a stormy altar of Qazlal.
  5122 | D:5      | Noticed Blork the orc
  5141 | D:5      | Killed Blork the orc
  5247 | D:5      | Reached XP level 8. HP: 36/74 MP: 3/13
  5389 | D:5      | Noticed a two-headed ogre
  5433 | D:5      | Killed a two-headed ogre
  5434 | D:5      | Reached skill level 5 in Armour
  5975 | D:5      | Found a blossoming altar of Fedhas.
  6254 | D:4      | Gained mutation: You passively map the area around you.
                  | [Deep Dwarf growth]
  6254 | D:4      | Reached XP level 9. HP: 56/86 MP: 2/14
  6691 | D:5      | Killed an unseen horror
  6921 | D:5      | Noticed Sigmund
  6924 | D:5      | Killed Sigmund
  6925 | D:5      | Reached skill level 7 in Earth Magic
  6925 | D:5      | Reached skill level 5 in Spellcasting
  7243 | D:5      | Found a runed translucent gate.
  7243 | D:5      | Found a runed translucent gate.
  7243 | D:5      | Found a runed translucent gate.
  7244 | D:5      | Noticed Lemuel's ghost (novice DsBe)
  7522 | D:6      | Found a sacrificial altar of Ru.
  9837 | D:7      | Found Moefalas's Armour Boutique.
  9889 | D:7      | Found a flagged portal.
  9935 | D:7      | Reached skill level 8 in Earth Magic
  9943 | Bailey   | Entered a bailey
 10179 | Bailey   | Reached XP level 10. HP: 34/97 MP: 1/12
 10260 | Bailey   | Identified the +8 long sword "Poduek" {speed, rC+}
 10290 | Bailey   | Reached skill level 9 in Earth Magic
 10366 | Bailey   | Noticed a two-headed ogre
 10383 | Bailey   | Killed a two-headed ogre
 10384 | Bailey   | Reached skill level 5 in Staves
 10764 | D:7      | You fall into a shaft and drop 3 floors!
 10764 | D:10     | Entered Level 10 of the Dungeon
 10974 | D:10     | Found a runed translucent door.
 10974 | D:10     | Noticed cbfl8's ghost (journeyman MiBe)
 10974 | D:10     | Noticed a yaktaur captain
 11096 | D:9      | Noticed a two-headed ogre
 11240 | D:8      | Noticed a five-headed hydra
 11266 | D:8      | Found a hide-covered altar of Uskayaw.
 11286 | D:8      | Noticed Psyche
 11289 | D:8      | Killed Psyche
 11383 | D:7      | Found a staircase to the Ecumenical Temple.
 12110 | D:8      | Noticed Erica
 12134 | D:8      | Killed Erica
 12296 | D:8      | Identified the +6 mace of Vaw Rari {drain, rN+ Str+4}
 12586 | D:8      | Reached skill level 10 in Earth Magic
 12790 | D:8      | Killed a five-headed hydra
 12791 | D:8      | Reached XP level 11. HP: 41/106 MP: 0/11
 12939 | D:8      | Noticed Pikel
 12966 | D:8      | Killed Pikel
 13881 | D:8      | Reached skill level 11 in Earth Magic
 15221 | D:9      | Killed a two-headed ogre
 15305 | D:9      | Found a staircase to the Orcish Mines.
 16629 | D:10     | Found an ancient bone altar of Kikubaaqudgha.
 16818 | D:10     | Reached skill level 10 in Armour
 16948 | D:10     | Found Tedorgh's Assorted Antiques.
 17222 | D:5      | Killed Lemuel's ghost
 17478 | Orc:1    | Entered Level 1 of the Orcish Mines
 17478 | Orc:1    | Noticed an orc knight
 17478 | Orc:1    | Noticed an orc sorcerer
 17587 | D:11     | Learned a level 1 spell: Animate Skeleton
 17638 | D:11     | Reached skill level 1 in Necromancy
 18355 | D:11     | Reached skill level 12 in Earth Magic
 19372 | D:11     | Found a staircase to the Lair.
 19462 | D:11     | Reached XP level 12. HP: 40/114 MP: 3/13
 20050 | D:12     | Found a runed translucent door.
 20062 | D:12     | Found a runed translucent door.
 20075 | D:12     | Found a runed translucent door.
 20158 | D:12     | Found a runed translucent door.
 20690 | D:12     | Reached skill level 5 in Necromancy
 20808 | D:12     | Killed from afar by a gargoyle

Illustrated notes

Levels and vault maps discovered:
D:1:      saegor_arrival_simple_e, layout_basic,
          shapermc_ecumenical_altar_acropolis
D:2:      layout_loops_ring, minmay_pentomino_o4
D:3:      layout_rooms, nicolae_gozag_seed_capital, amcnicky_altar_gilded
D:4:      layout_gridville, lemuel_round_altar, elyvilon_altar_3,
          mainiacjoe_overflow_alcove_4, serial_shops, nicolae_lakefront_shop,
          nicolae_shop_stone, uniq_robin, uniq_duvessa, uniq_edmund
D:5:      layout_basic, nicolae_qazlal_scattered_showers,
          mainiacjoe_overflow_alcove_1, gammafunk_ghost_nasty_kobolds,
          dk_noncrumbling_3, grunt_decor_arrowhead, minmay_misc_feat_room,
          uniq_sigmund, uniq_blork_the_orc
D:6:      layout_rooms, mainiacjoe_overflow_brackets, minmay_ogre_servants
D:7:      layout_gridville, temple_green, enter_bailey_5, serial_shops, shop
D:8:      layout_gridville, mainiacjoe_overflow_concentric_impassable,
          uniq_psyche, uniq_pikel, uniq_erica
D:9:      layout_rooms, orc_0_dummy
D:10:     layout_loops_ring, mainiacjoe_overflow_boulevard, serial_shops,
          nicolae_lakefront_shop, ebering_ghost_inner_flame
D:11:     layout_irregular_city, grunt_lair_entry_orc_guard_hut
D:12:     layout_grid_maze, minmay_statue_crystal_thing, uniq_rupert
Orc:1:    layout_caves

Skill      XL: |  1  2  3  4  5  6  7  8  9 10 11 12 |
---------------+-------------------------------------+-----
Transmutations | 1 |  1.0
Spellcasting   | 2 3 4 5 6 8 |  8.2
Fighting       | 1 2 4 7 8 |  8.6
Armour         | 2 3 4 5 6 8 10 | 10.0
Earth Magic    | 5 6 8 10 12 | 12.0
Staves         | 2 3 4 5 |  5.0
Dodging        | 3 4 |  4.0
Necromancy     | 4 5 |  5.0
Stealth        | |  2.4

Action                   |  1- 3 |  4- 6 |  7- 9 | 10-12 || total
-------------------------+-------+-------+-------+-------++-------
Melee: Dagger            |    36 |       |       |       ||    36
       Staff             |    21 |    62 |   137 |   115 ||   335
       Punch             |       |     1 |     3 |     1 ||     5
 Cast: Sandblast         |    20 |    10 |    40 |    41 ||   111
       Stone Arrow       |     5 |    23 |   106 |   205 ||   339
Invok: Curse Item        |       |     1 |       |       ||     1
 Abil: Heal Wounds       |     1 |     5 |    21 |    11 ||    38
Evoke: Wand              |       |       |       |    22 ||    22
  Use: Scroll            |     2 |       |     5 |    16 ||    23
       Potion            |       |     1 |     2 |     5 ||     8
Armor: Leather armour    |    18 |    18 |     9 |       ||    45
       Ring mail         |       |       |    16 |       ||    16
       Scale mail        |       |       |    74 |   106 ||   180
Dodge: Dodged            |    41 |    52 |   117 |   138 ||   348
